Map: Orbital Shipyard

Players

MoonLjth - Winner!

  • Race: Protoss Protoss
  • League: Platinum

iQuitBYE - Winner!

  • Race: Protoss Protoss
  • League: Grandmaster

DRASOR

  • Race: Zerg Zerg
  • League: Platinum

LUKITREK

  • Race: Zerg Zerg
  • League: Grandmaster

VOD

Have the link to the VOD?

Description

Time

  • Played on: Oct. 2, 2015, 5:22 p.m.
  • Length: 15:53
Show
View Real Time Build Order
Export as new Build Order

MoonLjth Protoss - Winner!

Build Orders:  

Get SALT Encoding   

  12  0:01  Probe (Chrono Boost)  
  13  0:14  Pylon  
  13  0:18  Probe (Chrono Boost)  
  14  0:29  Probe (Chrono Boost)  
  15  0:38  Gateway  
  15  0:40  Probe (Chrono Boost)  
  16  0:47  Assimilator  
  16  0:50  Probe (Chrono Boost)  
  17  1:01  Probe (Chrono Boost)  
  17  1:02  Assimilator  
  18  1:11  Probe (Chrono Boost)  
  18  1:14  Pylon  
  19  1:20  Pylon  
  19  1:22  Probe (Chrono Boost)  
  21  1:32  Probe (Chrono Boost)  
  21  1:34  Cybernetics Core  
  21  1:43  Probe (Chrono Boost)  
  22  1:54  Probe (Chrono Boost)  
  23  2:05  Nexus  
  23  2:11  Adept (Chrono Boost)  
  25  2:18  Probe  
  25  2:21  Warp Gate  
  27  2:37  Probe (Chrono Boost), Robotics Facility  
  27  2:49  Mothership Core (Chrono Boost)  
  27  2:50  Pylon  
  29  3:07  Probe (Chrono Boost)  
  30  3:17  Probe x2 (Chrono Boost)  
  32  3:25  Immortal  
  36  3:28  Probe x2 (Chrono Boost)  
  36  3:32  Sentry  
  40  3:38  Probe x2 (Chrono Boost)  
  42  3:49  Probe x2 (Chrono Boost)  
  42  3:53  Gateway  
  44  3:57  Gateway  
  44  3:59  Probe x2 (Chrono Boost)  
  46  4:04  Pylon  
  46  4:10  Probe x2 (Chrono Boost)  
  46  4:15  Warp Prism  
  50  4:20  Probe (Chrono Boost)  
  50  4:21  Probe (Chrono Boost)  
  52  4:24  Pylon  
  54  4:31  Probe x2 (Chrono Boost)  
  54  4:39  Stalker, Pylon  
  54  4:42  Probe (Chrono Boost)  
  57  4:47  Probe (Chrono Boost)  
  58  4:53  Adept x2  
  62  5:01  Probe (Chrono Boost)  
  62  5:06  Assimilator  
  63  5:08  Probe (Chrono Boost)  
  63  5:09  Assimilator  
  63  5:15  Probe (Chrono Boost)  
  63  5:17  Nexus  
  63  5:18  Adept x3  
  67  5:24  Probe (Chrono Boost)  
  67  5:25  Pylon  
  67  5:26  Probe (Chrono Boost)  
  67  5:41  Gateway  
  67  5:42  Gateway, Adept x3  
  73  5:52  Probe x2 (Chrono Boost)  
  75  6:02  Adept  
  75  6:03  Probe (Chrono Boost), Adept x2  
  75  6:04  Probe (Chrono Boost)  
  80  6:11  Observer  
  80  6:13  Probe (Chrono Boost)  
  80  6:14  Probe (Chrono Boost)  
  80  6:24  Probe (Chrono Boost)  
  80  6:25  Probe (Chrono Boost)  
  82  6:30  Stalker x2  
  82  6:31  Stalker, Pylon  
  88  6:35  Probe (Chrono Boost)  
  88  6:36  Probe (Chrono Boost)  
  90  6:42  Immortal  
  90  6:45  Probe (Chrono Boost)  
  91  6:52  Probe (Chrono Boost)  
  92  6:57  Probe (Chrono Boost), Stargate  
  92  6:58  Probe (Chrono Boost), Stargate  
  92  7:01  Stargate  
  94  7:03  Assimilator  
  94  7:04  Probe (Chrono Boost)  
  94  7:08  Probe (Chrono Boost), Assimilator  
  96  7:13  Probe (Chrono Boost)  
  96  7:15  Probe (Chrono Boost)  
  98  7:18  Probe (Chrono Boost)  
  98  7:21  Immortal  
  103  7:24  Probe (Chrono Boost), Pylon  
  103  7:25  Probe (Chrono Boost)  
  103  7:29  Probe (Chrono Boost)  
  106  7:35  Probe (Chrono Boost)  
  106  7:36  Probe (Chrono Boost)  
  108  7:44  Void Ray (Chrono Boost)  
  108  7:45  Twilight Council  
  108  7:46  Forge  
  108  7:49  Forge, Void Ray (Chrono Boost)  
  116  8:09  Probe, Pylon  
  116  8:11  Pylon  
  117  8:17  Resonating Glaives (Chrono Boost)  
  117  8:26  Void Ray (Chrono Boost)  
  115  8:27  Nexus  
  115  8:29  Protoss Ground Weapons Level 1 (Chrono Boost)  
  115  8:32  Protoss Ground Armor Level 1 (Chrono Boost)  
  115  8:34  Stalker  
  115  8:35  Stalker x4  
  115  8:39  Photon Cannon  
  125  8:42  Void Ray  
  129  8:50  Void Ray  
  129  8:52  Protoss Air Weapons Level 1  
  133  8:58  Assimilator  
  133  9:02  Assimilator  
  133  9:03  Pylon  
  133  9:10  Probe  
  133  9:20  Gateway  
  133  9:21  Probe x2  
  133  9:22  Gateway  
  133  9:23  Void Ray  
  139  9:25  Stalker  
  141  9:33  Gateway  
  141  9:35  Gateway  
  141  9:38  Gateway, Void Ray  
  145  9:52  Stalker  
  143  9:55  Adept x4  
  141  10:03  Void Ray  
  141  10:06  Void Ray  
  149  10:07  Probe  
  149  10:11  Fleet Beacon  
  149  10:12  Immortal  
  154  10:19  Protoss Ground Weapons Level 2 (Chrono Boost)  
  154  10:20  Probe  
  155  10:21  Protoss Ground Armor Level 2 (Chrono Boost)  
  155  10:27  Probe, Blink  
  156  10:45  Adept  
  156  10:47  Pylon  
  156  10:52  Pylon  
  156  10:55  Pylon  
  156  11:00  Pylon  
  156  11:02  Pylon  
  156  11:04  Photon Cannon  
  156  11:06  Observer  
  156  11:10  Adept  
  156  11:11  Adept x4  
  163  11:12  Adept x2, Pylon  
  163  11:16  Adept x2  
  144  11:26  Warp Prism  
  140  11:38  Tempest  
  144  11:40  Nexus  
  144  11:43  Tempest, Assimilator  
  144  11:46  Templar Archives  
  149  11:47  Probe x3  
  149  11:48  Assimilator  
  151  12:03  Observer, Tempest  
  151  12:04  Probe  
  151  12:05  Probe x2  
  151  12:06  Probe  
  160  12:10  Psionic Storm  
  160  12:15  Probe  
  160  12:17  Probe  
  160  12:18  Probe x2  
  164  12:25  Probe  
  166  12:30  Probe  
  156  12:38  High Templar  
  156  12:39  High Templar x6  
  156  12:42  Probe x2  
  165  12:45  Probe  
  165  12:46  Probe  
  165  12:48  Adept x3  
  168  12:59  Probe  
  168  13:01  Tempest x2  
  176  13:09  Stalker  
  176  13:10  Stalker x2  
  181  13:15  Stalker  
  181  13:19  Stalker  
  185  13:20  Stalker  
  185  13:23  Probe x2  
  185  13:24  Probe x2  
  185  13:25  Probe  
  192  13:27  High Templar x2  
  192  13:29  High Templar x2  
  200  13:43  Pylon  
  200  13:49  Pylon  
  200  13:51  Protoss Shields Level 1  
  200  13:55  Pylon  
  198  14:19  Adept  
  180  14:52  Archon  
  168  14:56  Zealot x6  
  168  14:57  Zealot x4  
  184  15:02  Tempest x3  
  182  15:21  Mothership Core  
  180  15:23  Adept x3  
  180  15:24  Adept x5  
  180  15:25  Adept x2  
Show
View Real Time Build Order
Export as new Build Order

iQuitBYE Protoss - Winner!

Build Orders:  

Get SALT Encoding   

  12  0:01  Drone  
  13  0:09  Drone  
  14  0:18  Overlord  
  14  0:25  Drone, Extractor  
  15  0:37  Drone x2  
  17  0:56  Spawning Pool  
  16  0:57  Drone  
  17  1:16  Drone  
  18  1:21  Drone  
  19  1:27  Drone  
  21  1:40  Hatchery, Drone  
  21  1:41  Extractor  
  21  1:42  Drone  
  20  1:53  Drone  
  20  2:02  Queen  
  22  2:17  Drone, Extractor  
  22  2:20  Overlord  
  22  2:22  Hatchery  
  21  2:38  Queen  
  21  2:41  Drone  
  21  2:42  Drone  
  21  2:44  Drone  
  26  2:50  Metabolic Boost  
  26  2:52  Drone  
  27  3:05  Evolution Chamber  
  27  3:09  Drone  
  27  3:10  Drone  
  27  3:12  Overlord  
  28  3:13  Zergling x6  
  28  3:14  Drone  
  31  3:27  Zergling x4  
  31  3:29  Queen  
  35  3:37  Drone x2  
  36  3:41  Drone  
  36  3:43  Zergling x2  
  36  3:48  Queen  
  38  3:52  Pneumatized Carapace  
  40  3:58  Zergling x2  
  40  3:59  Zergling x4  
  40  4:01  Drone  
  44  4:12  Drone x5  
  49  4:19  Overlord x2  
  49  4:28  Roach Warren  
  48  4:35  Overlord  
  48  4:38  Drone x4, Extractor  
  48  4:39  Extractor  
  48  4:41  Drone x2  
  48  4:45  Drone  
  53  4:46  Drone  
  53  4:50  Drone  
  55  5:06  Drone x11  
  65  5:12  Drone  
  65  5:16  Roach Warren  
  63  5:21  Drone  
  63  5:22  Drone  
  63  5:26  Overlord  
  62  5:29  Roach x3  
  62  5:30  Roach  
  68  5:42  Roach x2  
  72  5:44  Zergling x4  
  72  5:45  Zergling x4  
  76  5:51  Lair  
  76  5:52  Roach  
  76  5:53  Roach  
  79  5:59  Spine Crawler  
  73  6:13  Roach  
  73  6:14  Roach x3  
  73  6:17  Overlord x2  
  81  6:27  Overlord x3  
  80  6:44  Ravager  
  80  6:45  Ravager  
  82  6:49  Zergling x2  
  82  6:50  Zergling x16  
  82  6:51  Spine Crawler  
  82  6:52  Spine Crawler  
  89  6:59  Ravager, Extractor  
  89  7:04  Extractor  
  89  7:05  Extractor  
  87  7:11  Ravager  
  88  7:22  Spore Crawler  
  87  7:23  Roach  
  87  7:24  Spore Crawler, Roach  
  90  7:38  Ravager  
  90  7:40  Drone x12  
  103  7:46  Ravager  
  103  7:47  Ravager  
  105  7:51  Spore Crawler  
  105  7:57  Drone x5  
  109  8:08  Drone x5  
  109  8:09  Drone x3  
  109  8:11  Drone  
  118  8:14  Hydralisk Den  
  114  8:29  Drone  
  114  8:30  Drone  
  114  8:31  Lurker Den  
  116  8:38  Roach  
  116  8:39  Roach x2  
  116  8:40  Overlord  
  116  8:41  Overlord x8  
  122  8:48  Overseer  
  122  8:49  Overseer x2  
  122  8:59  Ravager x3  
  122  9:00  Ravager x4  
  129  9:05  Zergling x2  
  129  9:06  Zergling x22  
  129  9:07  Queen  
  141  9:23  Hydralisk  
  137  9:24  Hydralisk x7  
  137  9:26  Hatchery  
  150  9:35  Overlord  
  140  9:56  Glial Reconstitution  
  140  9:59  Hydralisk x7  
  130  10:00  Hydralisk x4  
  144  10:21  Zerg Missile Weapons Level 1  
  144  10:27  Evolution Chamber  
  143  10:29  Lurker x3  
  143  10:32  Drone x14  
  160  10:41  Hydralisk x2  
  164  10:46  Lurker x2  
  164  10:48  Zergling x8  
  170  10:52  Drone x2  
  170  10:53  Extractor  
  170  10:54  Overseer x3, Extractor  
  170  10:56  Spore Crawler, Spine Crawler  
  168  11:03  Overlord  
  168  11:04  Drone x3  
  135  11:25  Hydralisk x7  
  109  11:26  Hydralisk x4  
  123  11:32  Queen  
  123  11:33  Queen x2  
  123  11:37  Spore Crawler  
  123  11:38  Spore Crawler  
  123  11:39  Spore Crawler  
  126  11:41  Spore Crawler x2  
  124  12:01  Muscular Augments  
  124  12:03  Roach x12  
  124  12:04  Spine Crawler, Roach  
  124  12:05  Spine Crawler  
  124  12:07  Spore Crawler  
  147  12:08  Queen  
  149  12:17  Spore Crawler  
  149  12:18  Hydralisk  
  149  12:19  Spine Crawler, Hydralisk x4  
  157  12:27  Ravager x3  
  157  12:28  Ravager x4  
  156  12:39  Zergling x2  
  156  12:40  Zergling x10  
  162  12:49  Hatchery  
  161  13:04  Ravager  
  161  13:05  Ravager x5  
  166  13:11  Zerg Missile Weapons Level 2  
  166  13:12  Zerg Ground Armor Level 1  
  166  13:26  Infestation Pit  
  161  13:48  Overlord x3  
  161  13:49  Overlord x3  
  161  13:52  Roach x2  
  161  13:53  Roach x3  
  165  14:20  Spine Crawler  
  154  14:26  Zergling x6  
  154  14:27  Extractor  
  154  14:29  Hatchery  
  155  14:34  Extractor  
  99  14:53  Hydralisk  
  99  14:54  Hydralisk x11  
  99  14:55  Hydralisk x2  
  115  15:03  Hydralisk x4  
  108  15:17  Spine Crawler x2  
Show
View Real Time Build Order
Export as new Build Order

DRASOR Zerg 

Build Orders:  

Get SALT Encoding   

Show
View Real Time Build Order
Export as new Build Order

LUKITREK Zerg 

Build Orders:  

Get SALT Encoding   

Tags
 
Add a new tag
Caveats
  • Supply blocks, unpowered buildings, or Contaminate may cause inaccurate times.
  • Supply counts are checked every 10 seconds.